 Dungeon Crawl Stone Soup version 0.19-a0-517-gd6a9987 (webtiles) character file.

86 Aksej the Slasher (level 4, -4/35 HPs)
             Began as a Demonspawn Fighter on June 6, 2016.
             Slain by Natasha (5 damage)
             ... on level 3 of the Dungeon.
             The game lasted 00:04:17 (1804 turns).

Aksej the Slasher (Demonspawn Fighter)              Turns: 1804, Time: 00:04:17

Health: -4/35      AC: 11    Str: 15 (17) XL:     4   Next: 27%
Magic:  4/4        EV:  4    Int:  8 (9)  God:
Gold:   137        SH:  0    Dex: 11 (13) Spells: 0 memorised, 3 levels left

rFire  . . .     SeeInvis .     a - +0 long sword
rCold  . . .     Gourm    .     i - +0 plate armour
rNeg   . . .     Faith    .     (no shield)
rPois  .         Spirit   .     (no helmet)
rElec  .         Dismiss  .     (no cloak)
rCorr  .         Reflect  .     (no gloves)
SustAt .         Harm     .     (no boots)
MR     .....                    (no amulet)
Stlth  ..........               (no ring)
                                (no ring)

@: not resistant to hostile enchantments, extremely unstealthy
A: hooves 1
a: no special abilities


You were on level 3 of the Dungeon.
You were not hungry.

You visited 1 branch of the dungeon, and saw 4 of its levels.

You collected 137 gold pieces.

Inventory:

Hand Weapons
 a - a +0 long sword (weapon)
Missiles
 n - 6 javelins (quivered)
Armour
 i - a +0 plate armour (worn)
Jewellery
 j - an uncursed ring of wizardry {unknown}
Scrolls
 e - 2 scrolls of remove curse
 h - 2 scrolls of fog
 k - 2 scrolls of teleportation
Potions
 b - 3 potions of haste
 d - a potion of might
 g - a potion of resistance {unknown}
Comestibles
 c - 2 beef jerkies
 f - 2 bread rations
 l - a meat ration


   Skills:
 - Level 3.0 Fighting
 + Level 4.1 Long Blades
 - Level 2.6 Armour
   Level 2.6 Shields


You had 3 spell levels left.
You didn't know any spells.

Dungeon Overview and Level Annotations

Branches:
Dungeon (4/15)
 Temple: D:4-7

Altars:

Annotations:
D:3 Natasha


Innate Abilities, Weirdness & Mutations

You have large cloven feet.


Message History

Natasha casts a spell at you. The magic dart hits you!
You hit Natasha.
Natasha is moderately wounded.
Natasha claws you!
You closely miss Natasha.
Natasha is moderately wounded.
Natasha claws you.
Your plate armour prevents you from hitting Natasha.
Natasha is moderately wounded.
Natasha wildly gestures.
You feel troubled. Natasha casts a spell at you. The magic dart hits you!
You closely miss Natasha. Your kick misses Natasha.
Natasha is moderately wounded.
Natasha claws you!
* * * LOW HITPOINT WARNING * * *
Natasha claws you.
You die...

#......#
#.#....#
#......##
#.......
......#
#.#....#
#.(.h..#
#@# #.#
#.# #.#
#.# #.#
####.####
#.......#
#.##.##.#


You could see Natasha.

Vanquished Creatures
  A hound skeleton (D:4)
  3 adders
  3 worms
  A dart slug (D:2)
  A giant cockroach (D:4)
  5 goblins
  5 hobgoblins
  7 kobolds
  2 quokkas (D:4)
  A ball python (D:3)
  3 bats
  4 giant newts (D:2)
  4 rats
40 creatures vanquished.

Notes
Turn   | Place    | Note
--------------------------------------------------------------
     0 | D:1      | Aksej the Demonspawn Fighter began the quest for the Orb.
     0 | D:1      | Reached XP level 1. HP: 18/18 MP: 1/1
    28 | D:1      | Reached skill level 2 in Long Blades
    98 | D:1      | Gained mutation: You have large cloven feet. [demonic ancestry]
    98 | D:1      | Reached XP level 2. HP: 18/24 MP: 2/2
   628 | D:2      | Reached skill level 3 in Long Blades
   803 | D:2      | Reached XP level 3. HP: 29/29 MP: 3/3
  1215 | D:2      | You fall through a shaft for 2 floors!
  1249 | D:4      | Reached XP level 4. HP: 29/35 MP: 4/4
  1342 | D:4      | Reached skill level 4 in Long Blades
  1797 | D:3      | Noticed Natasha
  1804 | D:3      | HP: 1/35 [Natasha (11)]
  1804 | D:3      | Slain by Natasha

Vault maps used:
D:1:      minmay_arrival_split_and_join
D:2:      first_bread, grunt_ministairs_5, corexii_hall_statues_t
D:3:      lemuel_crystal_altar, uniq_natasha, uniq_jessica

Skill      XL: |  1  2  3  4 |
---------------+-------------+-----
Long Blades    | 2 3 4 |  4.1
Fighting       | |  3.0
Armour         | |  2.6
Shields        | |  2.6

Action                   |  1- 3 |  4- 6 || total
-------------------------+-------+-------++-------
Melee: Long sword        |   103 |    46 ||   149
       Kick              |    14 |     9 ||    23
  Use: Scroll            |     6 |       ||     6
       Potion            |     3 |     2 ||     5
  Eat: Chunk             |     1 |     2 ||     3
Armor: Scale mail        |    42 |       ||    42
       Plate armour      |    11 |    34 ||    45
Dodge: Dodged            |    47 |     8 ||    55
